 Dungeon Crawl Stone Soup version 0.30-a0-1116-gebefce21f7 (webtiles) character file.

Game seed: 13096670572554519313

51 kae the Digger (level 3, 0/19 HPs)
             Began as a Gargoyle Earth Elementalist on Apr 21, 2023.
             Slain by an orc
             ... wielding a +0 flail
              (4 damage)
             ... on level 2 of the Dungeon.
             The game lasted 00:01:24 (1619 turns).

kae the Digger (Gargoyle Earth Elementalist)        Turns: 1619, Time: 00:01:24

Health: 0/19       AC:  5    Str: 11    XL:     3   Next: 83%
Magic:  5/6        EV: 11    Int: 17    God:
Gold:   39         SH:  0    Dex: 10    Spells: 3/7 levels left

rFire   . . .      SeeInvis .    (no weapon)
rCold   . . .      Faith    .    (no shield)
rNeg    + . .      Spirit   .    a - +0 robe
rPois   ∞          Reflect  .    (no helmet)
rElec   +          Rampage  .    (no cloak)
rCorr   .                        (no gloves)
Will    .....                    (no boots)
Stlth   ++                       (no amulet)
HPRegen 0.23/turn                (no ring)
MPRegen 0.10/turn                (no ring)

@: no status effects
A: sickness immunity, AC +3, negative energy resistance 1, electricity
resistance, torment resistance 1, petrification resistance
a: no special abilities


You were on level 2 of the Dungeon.
You visited 1 branch of the dungeon, and saw 3 of its levels.

You collected 91 gold pieces.
You spent 52 gold pieces at shops.


Innate Abilities, Weirdness & Mutations

You are immune to sickness and miasma.
Your stone body is resilient. (AC +3)
You are immune to poison.
You resist negative energy. (rN+)
You are resistant to electric shocks. (rElec)
You are resistant to unholy torment.
You are immune to petrification.


   Skills:
 - Level 1.5 Dodging
 - Level 2.1 Stealth
 + Level 2.5 Spellcasting
 * Level 1.1 Conjurations
 - Level 0.7 Transmutations
 * Level 4.9 Earth Magic


You had 3 spell levels left.
You knew the following spells:

 Your Spells              Type           Power      Damage    Failure   Level
a - Sandblast             Erth           36%        2d10      2%          1
b - Stone Arrow           Conj/Erth      24%        3d8       16%         3

Your spell library contained the following spells:

 Spells                   Type           Power      Damage    Failure   Level
 Passwall                 Tmut/Erth      9%         N/A       9%          2
 Petrify                  Tmut/Erth      11%        N/A       50%         4
 Iskenderun's Battlesphe  Conj           6%         2d6       97%         5
 Iron Shot                Conj/Erth      6%         9d2       100%        6
 Spellforged Servitor     Conj/Summ      2%         N/A       100%        7

Inventory:

Missiles
 d - 40 stones
Armour
 a - a +0 robe (worn)
Jewellery
 I - a +6 ring of intelligence
   (You found it on level 2 of the Dungeon)
Scrolls
 c - a scroll of acquirement {unknown}
 n - a scroll of fear
Potions
 b - a potion of magic
 h - 2 potions of mutation {!q}
 i - a potion of berserk rage {unknown}
 j - 2 potions of brilliance {unknown}
 k - a potion of degeneration {unknown}
 l - a potion of heal wounds {unknown}

Dungeon Overview and Level Annotations

Branches:
Dungeon (3/15) Zot: 16353

Altars:

Shops:
D:2

* #...#############..........# #
..................[........######
#...#############...............#
#.......#.#######..........####.#
#...###.#.........######.### #.#
#...# #.#...........####.# #.#
##.## #..<...............# #.#
#.#######.....[)o..###########.#
#..............@o..............#
#################r########.######
................#................
####..########.......######..####
#......)..........# ##...##
##.....###........# ###...
#.......#........# #...
#.....#.#........# #...
#.....#.#.#+#.#### #...


You could see 2 orcs and a quokka.


Message History

Press: ? - help, Shift-Dir - straight line, f - orc
Aim: an orc, wielding a +0 flail and wearing a +0 leather armour (82% to hit)
The blast of sand hits the orc.
The orc barely misses you. The orc closely misses you. 😎 MP[-1]
You lost 1 mp, and now have 5/6 mp.
Casting: Sandblast (safe; 2% risk of failure)
Confirm with . or Enter, or press ? or * to list all spells.
Aiming: Sandblast (safe; 2% risk of failure)
Press: ? - help, Shift-Dir - straight line, f/p - orc
Aim: an orc, wielding a +0 flail and wearing a +0 leather armour (almost dead, 82% to hit)
The blast of sand hits the orc.
You kill the orc!
The orc hits you with a +0 morningstar. x2
Your Conjurations skill increases to level 1! 😮 HP[-6] MP[-1]
You take 6 damage, and now have 13/19 hp.
MASSIVE DAMAGE!! (PAUSE)
You lost 1 mp, and now have 4/6 mp.
Casting: Sandblast (safe; 2% risk of failure)
Confirm with . or Enter, or press ? or * to list all spells.
Aiming: Sandblast (safe; 2% risk of failure)
Press: ? - help, Shift-Dir - straight line, f - orc
Aim: an orc, wielding a +0 morningstar (82% to hit)
You miscast Sandblast.
You are very lightly contaminated with residual magic.
Nothing appears to happen.
The orc hits you with a +0 morningstar. 😮 HP[-1] MP[-1]
You take 1 damage, and now have 12/19 hp.
You lost 1 mp, and now have 3/6 mp.
Casting: Sandblast (safe; 2% risk of failure)
Confirm with . or Enter, or press ? or * to list all spells.
Aiming: Sandblast (safe; 2% risk of failure)
Press: ? - help, Shift-Dir - straight line, f/p - orc
Aim: an orc, wielding a +0 morningstar (82% to hit)
The blast of sand misses the orc.
The orc barely misses you. 😮 MP[-1]
You lost 1 mp, and now have 2/6 mp.
Casting: Sandblast (safe; 2% risk of failure)
Confirm with . or Enter, or press ? or * to list all spells.
Aiming: Sandblast (safe; 2% risk of failure)
Press: ? - help, Shift-Dir - straight line, f/p - orc
Aim: an orc, wielding a +0 morningstar (82% to hit)
The blast of sand hits the orc!
You kill the orc! 😮 MP[-1]
You lost 1 mp, and now have 1/6 mp.
Casting: Sandblast (safe; 2% risk of failure)
Confirm with . or Enter, or press ? or * to list all spells.
You can't see any susceptible monsters within range! (Use Z to cast anyway.)
Your magical contamination has completely faded away. 😮 HP[+1] MP[+1]
You start resting. 😕 HP[+3] MP[+1]
You regained 3 hp, and now have 16/19 hp.
Done exploring. 😎 HP[+3] MP[+2]
Your hp is fully restored (19).
You regained 2 mp, and now have 5/6 mp.
You start resting. 😎 MP[+1]
Your mp is fully restored (6).
Okay, then.
You climb downwards.
The quokka bites you. The orc barely misses you. The orc closely misses you.
The quokka closely misses you.
There is a stone staircase leading up here. 😕 HP[-3]
You take 3 damage, and now have 16/19 hp.
Unknown command.
The orc closely misses you. The orc hits you with a +0 short sword.
The orc hits you with a +0 dagger.
The quokka bites you but does no damage.
You climb upwards.
There is a stone staircase leading down here.
Unknown command. 😮 HP[-4]
You take 4 damage, and now have 12/19 hp.
MASSIVE DAMAGE!! (PAUSE)
Casting: Sandblast (safe; 2% risk of failure)
Confirm with . or Enter, or press ? or * to list all spells.
Aiming: Sandblast (safe; 2% risk of failure)
Press: ? - help, Shift-Dir - straight line, f - orc
Aim: an orc, wielding a +0 short sword (82% to hit)
The blast of sand hits the orc!
You kill the orc!
The orc hits you with a +0 flail!
* * * LOW HITPOINT WARNING * * *
The orc hits you but does no damage. The quokka closely misses you.
The orc hits you with a +0 flail.
* * * LOW HITPOINT WARNING * * *
The orc closely misses you.
The quokka barely misses you. 😱 HP[-8] MP[-1]
You take 8 damage, and now have 4/19 hp.
MASSIVE DAMAGE!! (PAUSE)
You lost 1 mp, and now have 5/6 mp.
It was a potion of mutation.
You feel extremely strange.
You feel genetically stable.
You feel genetically unstable. The quokka misses you.
The orc hits you but does no damage. The orc closely misses you.
The orc attacks as you move away! The orc hits you with a +0 flail.
You die...

Skill      XL: |  1  2  3 |
---------------+----------+-----
Earth Magic    | 4 |  4.9
Conjurations   | 1 |  1.1
Dodging        | |  1.5
Stealth        | |  2.1
Spellcasting   | |  2.5
Transmutations | |  0.7

Action                     || total
---------------------------++-------
  Melee: Unarmed           ||     8
         Punch             ||     1
   Cast: Sandblast         ||    49
    Use: Scroll            ||     5
         Potion            ||     1
 Armour: Robe              ||    17
  Dodge: Dodged            ||    20

Levels and vault maps discovered:
D:1:      dpeg_arrival_chambers_temple_mockup, layout_rooms, serial_glass,
          glass_columns_a, glass_columns_c
D:2:      cheibrodos_helix_gallery, layout_basic, serial_shops, shop,
          minmay_cupped
D:3:      layout_rooms, nicolae_vehumet_altar_sigil, gammafunk_ghost_split,
          nicolae_ecumenical_snake_handling, grunt_ministairs_4, minivault_4

Notes
Turn   | Place    | Note
-------+----------+-------------------------------------------
     0 | D:1      | kae the Gargoyle Earth Elementalist began the quest for the
                  | Orb.
     0 | D:1      | Reached XP level 1. HP: 10/10 MP: 3/3
     0 | D:1      | magus.rc [v1.11.3]
   120 | D:1      | Reached skill level 4 in Earth Magic
   194 | D:1      | Reached XP level 2. HP: 15/15 MP: 3/5
   732 | D:2      | Reached XP level 3. HP: 19/19 MP: 1/6
   744 | D:2      | Learned a level 3 spell: Stone Arrow
  1001 | D:2      | Found Ucipheirch's General Store.
  1010 | D:2      | Bought a scroll of fear for 52 gold pieces
  1121 | D:2      | You pick up a book of Power and begin reading...
  1121 | D:2      | You add the spells Iskenderun's Battlesphere, Iron Shot and
                  | Spellforged Servitor to your library.
  1567 | D:2      | Reached skill level 1 in Conjurations
  1617 | D:2      | HP: 4/19 [orc/+0 flail (1)]
  1618 | D:2      | Gained mutation: You are somewhat resistant to further
                  | mutation. [potion of mutation]
  1618 | D:2      | Lost mutation: You are somewhat resistant to further
                  | mutation. [potion of mutation]
  1619 | D:2      | Slain by an orc

Vanquished Creatures
  A worm (D:2)
  A dart slug (D:1)
  3 orcs (D:2)
  5 ball pythons
  A bat (D:2)
  6 endoplasms
  2 goblins (D:1)
  5 jackals (D:2)
  3 quokkas (D:2)
  2 frilled lizards (D:2)
  4 kobolds
  3 rats
36 creatures vanquished.

Table legend:
 A = Non-vault XP
 B = Vault XP
 C = Vault XP percentage of total XP
 D = Non-vault monster count
 E = Vault monster count
 F = Vault count percentage of total count
                 A         B        C        D         E       F
            +---------+---------+-------+---------+---------+-------
      Total |      64 |      10 |  13.5 |      31 |       5 |  13.9
            +---------+---------+-------+---------+---------+-------
        D:1 |      20 |       0 |   0.0 |      10 |       0 |   0.0
        D:2 |      44 |      10 |  18.5 |      21 |       5 |  19.2
            +---------+---------+-------+---------+---------+-------

Illustrated notes

Table legend:
 A = Kills in this place as a percentage of kills in the entire game.
 B = Kills by you in this place as a percentage of kills by you in the entire game.
 C = Kills by friends in this place as a percentage of kills by friends in the entire game.
 D = Other kills in this place as a percentage of other kills in the entire game.
 E = Experience gained in this place as a percentage of experience gained in the entire game.
 F = Experience gained in this place divided by the number of levels of this place that you have seen.
                   A       B       C       D       E      F
               +-------+-------+-------+-------+-------+----------------------
         Total | 100.0 | 100.0 |   N/A |   N/A | 100.0 |  24.7
       Dungeon | 100.0 | 100.0 |   N/A |   N/A | 100.0 |  24.7
               +-------+-------+-------+-------+-------+----------------------

Table legend: (Time is in decaauts)
 A = Elapsed time spent in this place.
 B = Non-inter-level travel time spent in this place.
 C = Inter-level travel time spent in this place.
 D = Time resting spent in this place.
 E = Time spent auto-exploring this place.
 F = Levels seen in this place.
 G = Mean time per level.
                   A        B        C        D        E       F      G
               +--------+--------+--------+--------+--------+-----+--------+
         Total |   1646 |   1589 |     57 |     21 |   1368 |   3 |  548.7 |
       Dungeon |   1646 |   1589 |     57 |     21 |   1368 |   3 |  548.7 |
               +--------+--------+--------+--------+--------+-----+--------+

Top non-repeatable levels by time:
     D:2: 981 daAuts
     D:1: 661 daAuts
     D:3: 4 daAuts
